 Dungeon Crawl Stone Soup version 0.27.0-65-ge2af304b15 (webtiles) character file.

Game seed: 9932309730274318621

383 nxtlvl the Poker (level 7, 0/50 HPs)
             Began as a Human Gladiator on Aug 18, 2021.
             Was a Follower of Cheibriados.
             Succumbed to an orc wizard's poison
             ... on level 4 of the Dungeon.
             The game lasted 00:17:05 (1660 turns).

nxtlvl the Poker (Human Gladiator)                  Turns: 1660, Time: 00:17:06

Health: 0/50       AC: 20    Str: 16    XL:     7   Next: 5%
Magic:  7/7        EV:  5    Int: 13    God:    Cheibriados [*.....]
Gold:   85         SH:  0    Dex: 16    Spells: 6/6 levels left

rFire    . . .     SeeInvis .   b - +1 halberd (protect)
rCold    . . .     Faith    .   (shield currently unavailable)
rNeg     . . .     Spirit   .   d - +0 plate armour
rPois    .         Reflect  .   c - +0 helmet
rElec    .         Harm     .   (no cloak)
rCorr    .         Rampage  .   e - +0 pair of gloves
Will     .....                  f - +0 pair of boots
Stlth    ..........             (no amulet)
HPRegen  0.16/turn              (no ring)
MPRegen  0.10/turn              (no ring)

@: lethally poisoned (0 -> -40), under a protective aura, very slow
A: no striking features
a: Renounce Religion, Bend Time


You were on level 4 of the Dungeon.
You worshipped Cheibriados.
Cheibriados was aware of your devotion.
You visited 1 branch of the dungeon, and saw 6 of its levels.

You collected 85 gold pieces.

Inventory:

Hand Weapons
 a - a +0 trident
 b - a +1 halberd of protection (weapon)
Missiles
 i - 11 poisoned darts (quivered)
 j - 3 throwing nets
 s - 37 sling bullets
Armour
 c - a +0 helmet (worn)
 d - a +0 plate armour (worn)
 e - a +0 pair of gloves (worn)
 f - a +0 pair of boots (worn)
 m - a +0 leather armour
Jewellery
 k - a ring of flight
Scrolls
 p - 2 scrolls of noise
 t - a scroll of holy word {unknown}


   Skills:
 - Level 2.0 Fighting
 * Level 7.4 Polearms
 - Level 2.0 Throwing
 - Level 3.0 Dodging


You had 6 spell levels left.
You didn't know any spells.
Your spell library contained the following spells:

 Spells                   Type           Power      Damage    Failure   Level
 Shock                    Conj/Air       0%         1d3       100%        1
 Summon Small Mammal      Summ           0%         N/A       100%        1
 Call Canine Familiar     Summ           0%         N/A       100%        3
 Summon Guardian Golem    Hex/Summ       0%         N/A       100%        3
 Swiftness                Air            0%         N/A       100%        3
 Airstrike                Air            0%         N/A       100%        4


Dungeon Overview and Level Annotations

Branches:
Dungeon (6/15)
 Temple: D:4-7

Altars:
Cheibriados

Shops:
D:6 *

Annotations:
D:2 Robin
D:3 exclusion: upstairs
D:4 exclusion: downstairs
D:5 exclusion: downstairs


Message History

Something hits you but does no damage.
You are more poisoned.
You miss something.
You feel very sick.
You hear some strange, mumbled words.
You are confused.
Something hits you but does no damage.
You are lethally poisoned!
You miss something.
* * * LOW HITPOINT WARNING * * *
You feel very sick. Something hits you but does no damage.
You feel better. Something hits you but does no damage.
You are poisoned.
You miss something.
You feel sick. Something hits you.
You miss something.
You feel sick.
You hear some strange, mumbled words.
A magic dart appears from out of thin air!
The magic dart hits you.
You hit something but do no damage.
Your weapon exudes an aura of protection.
You feel sick. Something hits you but does no damage.
You are more poisoned.
You puncture something!
You feel sick. Something hits you but does no damage.
You are lethally poisoned!
You closely miss something.
* * * LOW HITPOINT WARNING * * *
You feel very sick. Something hits you but does no damage.
You are more poisoned.
You closely miss something.
* * * LOW HITPOINT WARNING * * *
You feel very sick. Something hits you.
* * * LOW HITPOINT WARNING * * *
You are more poisoned.
Something hits you but does no damage.
You are more poisoned.
You miss something.
You die...

...#.####.# #.
#..#......# #.
#..#.#.#### #. #..#.#.#
##
#.######....#.#######.
#........>..รท.......'.
##.###.#.....#.#######.
#....#.#.............+.
#....#@#..#..#.#######.
#....#{#..#..#.# ..
#....'o#o.#..#.# ...
#....#.#..#..... ....
#....+....#.##.# ....
#....#...##.##.# ....
##+#.###.##.# .# ## ###


You could see an orc.

Vanquished Creatures
  A necrophage (D:5)
  2 howler monkeys (D:5)
  A bullfrog skeleton (D:3)
  Jessica (D:2)
  3 gnolls (D:3)
  An adder (D:2)
  3 ufetubi
  A dart slug (D:2)
  5 orcs (D:4)
  2 bats
  2 endoplasms
  2 goblins
  4 hobgoblins
  3 jackals (D:3)
  7 kobolds
  2 quokkas
  A ball python (D:4)
  A frilled lizard (D:3)
  3 rats
45 creatures vanquished.

Vanquished Creatures (collateral kills)
  A phantom (D:5)
  A hound skeleton (D:5)
  A shadow imp (D:5)
3 creatures vanquished.

Vanquished Creatures (others)
  A goblin (D:2)
1 creature vanquished.

Grand Total: 49 creatures vanquished

Notes
Turn   | Place    | Note
-------+----------+-------------------------------------------
     0 | D:1      | nxtlvl the Human Gladiator began the quest for the Orb.
     0 | D:1      | Reached XP level 1. HP: 16/16 MP: 1/1
   103 | D:2      | Noticed Jessica
   107 | D:2      | Killed Jessica
   108 | D:2      | Reached skill level 4 in Polearms
   108 | D:2      | Reached XP level 2. HP: 14/22 MP: 2/2
   108 | D:2      | Reached XP level 3. HP: 17/27 MP: 3/3
   198 | D:2      | Found a snail-covered altar of Cheibriados.
   260 | D:3      | Reached XP level 4. HP: 28/33 MP: 4/4
   393 | D:2      | Noticed Robin
   592 | D:4      | Reached skill level 5 in Polearms
   903 | D:3      | Reached XP level 5. HP: 25/38 MP: 5/5
  1077 | D:2      | Became a worshipper of Cheibriados the Contemplative
  1327 | D:3      | Reached * piety under Cheibriados
  1430 | D:5      | Entered Level 5 of the Dungeon
  1451 | D:5      | Noticed a necrophage
  1463 | D:5      | Killed a necrophage
  1464 | D:5      | Reached skill level 6 in Polearms
  1464 | D:5      | Reached XP level 6. HP: 35/44 MP: 6/6
  1491 | D:6      | Found Qadener's General Store.
  1491 | D:6      | Noticed a black bear
  1491 | D:6      | Noticed an orc warrior
  1512 | D:5      | Reached skill level 7 in Polearms
  1518 | D:5      | Reached XP level 7. HP: 15/50 MP: 7/7
  1559 | D:5      | Noticed a water moccasin
  1660 | D:4      | Succumbed to an orc wizard's poison

Illustrated notes

Levels and vault maps discovered:
D:1:      onia_arrival_pentagram, layout_basic, shapermc_ecumenical_altar_gd,
          minmay_tetromino_l2
D:2:      layout_basic, basic_altar, uniq_jessica, uniq_robin
D:3:      layout_basic
D:4:      layout_basic, kiku_gazebo_pond_becter, minmay_misc_feat_cross
D:5:      kennysheep_spiral_hall, layout_layer_cave, nicolae_vehumet_radiance,
          minmay_fractal_squares_5
D:6:      layout_layer_cave, overflow_temple_1_default, okawaru_trees_2,
          nicolae_overflow_hidden_temple, serial_shops, nicolae_square_shop,
          kennysheep_generic_room_7, uniq_eustachio

Skill      XL: |  1  2  3  4  5  6 |
---------------+-------------------+-----
Polearms       | 4 5 6 7 |  7.4
Fighting       | |  2.0
Throwing       | |  2.0
Dodging        | |  3.0

Action                   |  1- 3 |  4- 6 |  7- 9 || total
-------------------------+-------+-------+-------++-------
Melee: Trident           |    18 |    50 |       ||    68
       Halberd           |       |   122 |    20 ||   142
Throw: Dart              |       |     1 |       ||     1
  Use: Scroll            |       |     4 |     1 ||     5
       Potion            |       |     2 |     1 ||     3
 Stab: Sleeping          |     1 |       |       ||     1
Armor: Leather armour    |     2 |    17 |       ||    19
       Plate armour      |       |   116 |    16 ||   132
Dodge: Dodged            |    12 |    71 |       ||    83
